 Dungeon Crawl Stone Soup version 0.21-a0-528-gf531e82 (webtiles) character file.

123 slep the Chopper (level 4, 0/34 HPs)
             Began as a Demonspawn Gladiator on Dec 9, 2017.
             Slain by an orc
             ... wielding a +3 hand axe of chopping
              (1 damage)
             ... on level 4 of the Dungeon.
             The game lasted 00:04:59 (1987 turns).

slep the Chopper (Demonspawn Gladiator)             Turns: 1987, Time: 00:05:06

Health: 0/34       AC:  4    Str: 15    XL:     4   Next: 79%
Magic:  4/4        EV: 13    Int: 10    God:
Gold:   155        SH:  4    Dex: 14    Spells: 3/3 levels left

rFire    . . .     SeeInvis .   a - +0 war axe
rCold    . . .     Gourm    .   (no shield)
rNeg     . . .     Faith    .   b - +0 leather armour
rPois    .         Spirit   .   c - +0 helmet
rElec    .         Reflect  .   (no cloak)
rCorr    .         Harm     .   (no gloves)
MR       .....                  (no boots)
Stlth    +.........             (no amulet)
HPRegen  0.11/turn              (no ring)
MPRegen  0.09/turn              (no ring)

@: no status effects
A: large bone plates 1, powered by death 2
a: no special abilities


You were on level 4 of the Dungeon.
You were hungry.

You visited 1 branch of the dungeon, and saw 4 of its levels.

You collected 155 gold pieces.

Inventory:

Hand Weapons
 a - a +0 war axe (weapon)
Missiles
 d - 3 throwing nets (quivered)
Armour
 b - a +0 leather armour (worn)
 c - a +0 helmet (worn)
Scrolls
 e - 6 scrolls of identify {unknown}
 g - 2 scrolls of magic mapping {unknown}
 k - a scroll of fear {unknown}
 l - a scroll of teleportation {unknown}
 m - a scroll of enchant armour {unknown}
 o - a scroll of amnesia {unknown}
Potions
 i - a potion of ambrosia {unknown}
 j - a potion of berserk rage {unknown}
 n - a potion of mutation {unknown}
 p - a potion of curing {unknown}
Comestibles
 f - 4 bread rations
 h - a royal jelly


   Skills:
 + Level 2.7 Fighting
 + Level 3.9 Axes
 + Level 1.9 Throwing
 + Level 1.2 Armour
 + Level 3.2 Dodging
 + Level 0.8 Stealth


You had 3 spell levels left.
You didn't know any spells.

Dungeon Overview and Level Annotations

Branches:
Dungeon (4/15)
 Temple: D:4-7

Altars:
Cheibriados
Dithmenos
Elyvilon
Kikubaaqudgha
Nemelex Xobeh
Zin


Innate Abilities, Weirdness & Mutations

You are partially covered in large bone plates. (SH +4)
You regenerate health from kills.


Message History

Found a silver wand.
There is a stone staircase leading up here.
An orc comes into view. It is wielding a hand axe of chopping.
The orc shouts!
An orc wizard comes into view.
It is wielding a dagger. 2 orcs and an orc priest come into view.
The orc wizard shouts!
The orc shouts!
The orc priest shouts!
The orc wizard casts a spell at you. The puff of frost hits you!
The orc priest looks encouraged for a moment.
The orc priest calls down the wrath of Beogh upon you.
Beogh smites you!
* * * LOW HITPOINT WARNING * * *
You hit the orc.
The orc is severely wounded.
The orc wizard casts a spell.
The orc wizard seems to speed up.
The orc hits you with a hand axe of chopping!
* * * LOW HITPOINT WARNING * * *
You die... #.....# #.....# #.....# ..o.. ...o oo#

#o# #@# # #.####
#.###....#
#.<.....##.
......#....../..#
#.#.#.......#####
# #.......#
#.......#
###...###


You could see an orc priest, an orc wizard and 3 orcs.

Vanquished Creatures
  An orc wizard (D:2)
  4 adders
  A dart slug (D:2)
  A leopard gecko (D:3)
  6 orcs
  A giant cockroach (D:3)
  6 hobgoblins
  3 jackals (D:1)
  2 quokkas
  A ball python (D:3)
  7 bats
  6 frilled lizards
  6 goblins
  7 kobolds
  A quokka skeleton (D:2)
  6 rats
59 creatures vanquished.

Notes
Turn   | Place    | Note
-------+----------+-------------------------------------------
     0 | D:1      | slep the Demonspawn Gladiator began the quest for the Orb.
     0 | D:1      | Reached XP level 1. HP: 16/16 MP: 1/1
   245 | D:1      | Gained mutation: You are partially covered in large bone plates. (SH +4) [demonic ancestry]
   245 | D:1      | Reached XP level 2. HP: 20/22 MP: 2/2
  1066 | D:2      | Gained mutation: You regenerate a little health from kills. [demonic ancestry]
  1066 | D:2      | Reached XP level 3. HP: 26/28 MP: 3/3
  1112 | D:2      | Found a white marble altar of Elyvilon.
  1112 | D:2      | Found a sparkling altar of Nemelex Xobeh.
  1112 | D:2      | Found a glowing silver altar of Zin.
  1112 | D:2      | Found a shadowy altar of Dithmenos.
  1112 | D:2      | Found an ancient bone altar of Kikubaaqudgha.
  1297 | D:2      | Gained mutation: You regenerate health from kills. [demonic ancestry]
  1297 | D:2      | Reached XP level 4. HP: 6/34 MP: 4/4
  1380 | D:2      | Found a snail-covered altar of Cheibriados.
  1491 | D:3      | Reached skill level 1 in Armour
  1987 | D:4      | HP: 1/34 [orc/hand axe of chopping (8)]
  1987 | D:4      | Slain by an orc

Vault maps used:
D:1:      erik_arrival_cave_to_civilisation
D:2:      lemuel_doored_altar, grunt_temple_overflow_open
D:4:      kennysheep_little_box, nicolae_gozag_zags_fifth_avenue,
          minmay_temple_entry_hall, hangedman_decor_growths

Skill      XL: |  1  2  3  4 |
---------------+-------------+-----
Axes           | 3 |  3.9
Dodging        | 3 |  3.2
Armour         | 1 |  1.2
Fighting       | |  2.7
Throwing       | |  1.9
Stealth        | |  0.8

Action                   |  1- 3 |  4- 6 || total
-------------------------+-------+-------++-------
Melee: War axe           |   104 |    71 ||   175
 Stab: Sleeping          |     1 |     1 ||     2
  Eat: Chunk             |     1 |     2 ||     3
Armor: Leather armour    |    36 |    12 ||    48
Dodge: Dodged            |    90 |    49 ||   139
Block: Other             |    17 |    15 ||    32

Table legend:
 A = Spawn XP
 B = Non-spawn XP
 C = Spawn XP percentage of total XP
 D = Spawn monster count
 E = Non-spawn monster count
 F = Spawn count percentage of total count
 G = Total turns spent on level
                    A         B        C        D         E        F      G
               +---------+---------+-------+---------+---------+-------+---------
         Total |       0 |     176 |   0.0 |       0 |      59 |   0.0 |  1987
               +---------+---------+-------+---------+---------+-------+---------
           D:1 |       0 |      24 |   0.0 |       0 |      17 |   0.0 |   952
           D:2 |       0 |      96 |   0.0 |       0 |      24 |   0.0 |   536
           D:3 |       0 |      56 |   0.0 |       0 |      18 |   0.0 |   493
               +---------+---------+-------+---------+---------+-------+---------
